 Dungeon Crawl Stone Soup version 0.20.0-4-g10b340a (webtiles) character file.

340 mopl the Covert (level 6, -4/46 HPs)
             Began as a Naga Assassin on May 27, 2017.
             Was a Follower of Hepliaklqana.
             Killed from afar by an orc wizard (5 damage)
             ... with a magic dart
             ... on level 4 of the Dungeon.
             The game lasted 00:04:43 (3374 turns).

mopl the Covert (Naga Assassin)                     Turns: 3374, Time: 00:04:44

Health: -4/46      AC:  4    Str: 13    XL:     6   Next: 56%
Magic:  7/7        EV:  9    Int:  9    God:    Hepliaklqana [*.....]
Gold:   263        SH:  0    Dex: 15    Spells: 5/5 levels left

rFire    . . .     SeeInvis +   a - +2 dagger
rCold    . . .     Gourm    .   (no shield)
rNeg     . . .     Faith    .   j - +0 robe (curse)
rPois    +         Spirit   .   (no helmet)
rElec    .         Reflect  .   d - +0 cloak
rCorr    .         Harm     .   (no gloves)
MR       .....                  (no barding)
Stlth    +++++.....             (no amulet)
Regen    0.2/turn               m - -2 ring of intelligence (curse)
MPRegen  0.1/turn               y - ring of stealth

@: very slow
A: reduced essence, see invisible, deformed body, poison resistance, slowness 2,
slow metabolism 1, spit poison 1, AC +2
a: Spit Poison, Recall Ancestor, Ancestor Identity, Renounce Religion


You were on level 4 of the Dungeon.
You worshipped Hepliaklqana.
Hepliaklqana was aware of your devotion.
You were hungry.

You visited 1 branch of the dungeon, and saw 4 of its levels.

You collected 263 gold pieces.

Inventory:

Hand Weapons
 a - a +2 dagger (weapon)
 b - a +0 blowgun
 C - a +0 scimitar
Missiles
 e - 6 poisoned needles
 f - 2 curare-tipped needles
Armour
 d - a +0 cloak (worn)
 j - a cursed +0 robe (worn)
Jewellery
 m - a cursed -2 ring of intelligence (left hand)
 y - a ring of stealth (right hand)
Scrolls
 c - 4 scrolls of amnesia {unknown}
 h - 2 scrolls of identify {unknown}
 i - 2 scrolls of enchant weapon {unknown}
 l - 2 scrolls of remove curse {unknown}
 n - 5 scrolls of fear {unknown}
 o - 3 scrolls of fog {unknown}
 r - 4 scrolls of teleportation {unknown}
 B - a scroll of random uselessness {unknown}
Potions
 k - 3 potions of mutation {unknown}
 p - 2 potions of agility {unknown}
 q - a potion of resistance {unknown}
 s - 3 potions of heal wounds {unknown}
 u - 2 potions of haste {unknown}
 x - a potion of brilliance {unknown}
 z - a potion of ambrosia {unknown}
Comestibles
 g - 4 bread rations
 t - 2 royal jellies
 v - 3 fruits
 A - a meat ration


   Skills:
 - Level 2.0 Fighting
 + Level 3.3 Short Blades
 + Level 3.4 Throwing
 - Level 0.7 Dodging
 * Level 8.6 Stealth
 + Level 2.6 Invocations


You had 5 spell levels left.
You didn't know any spells.

Dungeon Overview and Level Annotations

Branches:
Dungeon (4/15)             Temple (0/1) D:4

Altars:
Fedhas
Hepliaklqana
Trog
Uskayaw
Xom
Zin
The Shining One

Annotations:
D:4 Aelig's ghost, amateur DsGl


Innate Abilities, Weirdness & Mutations

You cannot wear boots.
Your serpentine skin is tough. (AC +2)
You have supernaturally acute eyesight. (SInv)
Armour fits poorly on your strangely shaped body.
Your system is resistant to poisons. (rPois)
You cover ground very slowly.
You have a slow metabolism.
You can spit poison.
Your life essence is reduced. (-10% HP)


Message History

Mirko misses the orc wizard.
a - a +2 dagger (weapon)
The orc wizard hits you but does no damage.
The orc priest hits you with a short sword.
* * * LOW HITPOINT WARNING * * *
The orc wizard hits Mirko with a dagger.
Unknown command.
You closely miss the orc wizard.
The orc wizard is severely wounded.
Mirko hits the orc wizard but does no damage.
The orc wizard barely misses you.
The orc priest hits you with a short sword.
* * * LOW HITPOINT WARNING * * *
Unknown command.
You closely miss the orc priest.
The orc priest is lightly wounded.
The orc wizard closely misses Mirko.
The orc wizard points at you and mumbles some strange words.
The magic dart hits you!
You die...

.......(#
........#############+##
...(...................#
.......................# ........
.......................#
.......#####.o..................#
.......#...#..Roo...............#
.......#...#....@...............#
.......#...#....................#
.......#...#....................#
.....^.#.###....................#
..###'##.###########'##'####.....
..#.............#..........#.....
..#.............#..........#.....
...........................#.....
##.########.##.#...#.#...###.....


You could see the friendly Mirko the ancestor, an orc priest and 2 orc wizards.

Vanquished Creatures
  Blork the orc (D:4)
  A scorpion (D:4)
  A water moccasin skeleton (D:4)
  A howler monkey (D:4)
  A worker ant (D:4)
  4 adders
  A worm (D:3)
  A dart slug (D:1)
  4 leopard geckos
  An orc (D:3)
  A ball python (D:4)
  3 giant cockroaches
  7 hobgoblins
  4 jackals
  2 quokkas
  4 bats
  11 goblins
  6 kobolds
  8 rats
62 creatures vanquished.

Vanquished Creatures (collateral kills)
  A worm (D:3)
  A leopard gecko (D:4)
  An orc (D:4)
  2 jackals
5 creatures vanquished.

Vanquished Creatures (others)
  2 ancestors (D:4)
2 creatures vanquished.

Grand Total: 69 creatures vanquished

Notes
Turn   | Place    | Note
-------+----------+-------------------------------------------
     0 | D:1      | mopl the Naga Assassin began the quest for the Orb.
     0 | D:1      | Reached XP level 1. HP: 19/19 MP: 1/1
   218 | D:1      | Reached skill level 2 in Throwing
   229 | D:1      | Reached skill level 6 in Stealth
   401 | D:1      | Reached XP level 2. HP: 26/26 MP: 2/2
   807 | D:1      | Reached XP level 3. HP: 19/32 MP: 3/3
  1669 | D:2      | Found a hazy altar of Hepliaklqana.
  1712 | D:2      | Became a worshipper of Hepliaklqana the Forgotten
  1730 | D:2      | Found a hide-covered altar of Uskayaw.
  1738 | D:2      | Found a blossoming altar of Fedhas.
  1741 | D:2      | Found a bloodstained altar of Trog.
  1866 | D:3      | Reached XP level 4. HP: 31/35 MP: 4/4
  1948 | D:3      | Found a glowing silver altar of Zin.
  1960 | D:3      | Reached skill level 7 in Stealth
  2160 | D:3      | Found a shimmering altar of Xom.
  2254 | D:3      | Reached skill level 1 in Invocations
  2361 | D:4      | Reached skill level 3 in Throwing
  2361 | D:4      | Reached XP level 5. HP: 31/40 MP: 4/6
  2391 | D:4      | Found a staircase to the Ecumenical Temple.
  2405 | D:4      | Noticed Aelig's ghost (amateur DsGl)
  2601 | D:4      | Noticed Blork the orc
  2619 | D:4      | Killed Blork the orc
  2619 | D:4      | Reached skill level 3 in Short Blades
  2619 | D:4      | Reached skill level 8 in Stealth
  2619 | D:4      | Reached skill level 2 in Invocations
  2873 | D:4      | Reached * piety under Hepliaklqana
  2888 | D:4      | Reached XP level 6. HP: 42/46 MP: 7/7
  2913 | D:4      | Found a glowing golden altar of the Shining One.
  3373 | D:4      | HP: 1/46 [orc priest/short sword (3)]
  3374 | D:4      | Killed from afar by an orc wizard

Skill      XL: |  1  2  3  4  5 |
---------------+----------------+-----
Throwing       | 2 3 |  3.4
Stealth        | 6 7 8 |  8.6
Invocations    | 1 2 |  2.6
Short Blades   | 3 |  3.3
Fighting       | |  2.0
Dodging        | |  0.7

Action                   |  1- 3 |  4- 6 || total
-------------------------+-------+-------++-------
Melee: Dagger            |   109 |   120 ||   229
 Fire: Blowgun           |       |     6 ||     6
 Abil: Spit Poison       |     4 |     5 ||     9
 Stab: Sleeping          |    13 |     7 ||    20
  Eat: Chunk             |     2 |     4 ||     6
Armor: Robe              |    13 |    27 ||    40
Dodge: Dodged            |    34 |    49 ||    83
